AoeStats
← Jeki

Migration

510073185Analyzed
1v1 RM · 3d ago on Sep 29, 2026· 26m 53s· 2 players
Game mode
Random Map
Map size
132×132
Population
200
Speed
Normal
Resources
Standard
Victory
Conquest
Starting age
Dark Age
Ending age
Imperial Age
RankedLock teamsTeams togetherTeam positionsShared explorationLock speedFull tech treeHidden civsTurbo modeCheats
Victory
Defeat
🇸🇮 Bengalis · Slovenia
1040
+15
🇦🇹 Japanese · Austria
1015
-15
Jeki
10:19 Feudal Age
8:35 Loom
10:45 Double-Bit Axe
11:03 Man-at-Arms
14:41 Arson
23:59 Castle Age
25:02 Medium Warships
Đibrehlija
10:02 Loom
12:33 Feudal Age
17:22 Castle Age
17:39 Fishing Lines
19:43 Wheelbarrow
18:55 Double-Bit Axe
19:06 Stone Mining
19:08 Gold Mining
19:42 Gillnets
20:25 Bow Saw
22:02 Medium Warships
28:59 Imperial Age
Connection lost

Rejoining the realm…

Still unreachable

The connection could not be restored.

Session expired

The server has moved on; the page needs a fresh start.